 Dungeon Crawl Stone Soup version 0.29.1-15-g9cfb28693d (webtiles) character file.

Game seed: 10257615040556601849

52 virigoth the Magician (level 4, -10/31 HPs)
             Began as a Djinni Fire Elementalist on Mar 14, 2023.
             Mangled by Sigmund
             ... wielding a +1 scythe of holy wrath
              (11 damage)
             ... on level 2 of the Dungeon on Mar 19, 2023.
             The game lasted 00:07:09 (1243 turns).

virigoth the Magician (Djinni Fire Elementalist)    Turns: 1243, Time: 00:07:09

Health: -10/31     AC:  2    Str:  7    XL:     4   Next: 8%
Gold:   73         EV: 12    Int: 18    God:
                   SH:  0    Dex: 14

rFire   + + .      SeeInvis .   e - +0 dagger
rCold   . . .      Faith    .   (no shield)
rNeg    . . .      Spirit   .   a - +0 robe
rPois   ∞          Reflect  .   (no helmet)
rElec   .          Harm     .   (no cloak)
rCorr   .          Rampage  .   (no gloves)
Will    .....                   (boots unavailable)
Stlth   +.........              (no amulet)
HPRegen 0.10/turn               h - ring of protection from cold
MPRegen 0.00/turn               (no ring)

@: confused, flying
A: sickness immunity, fire resistance 2, cold vulnerability 1, float, innate
caster, HP casting, extra vitality 1
a: no special abilities


You were on level 2 of the Dungeon.
You visited 1 branch of the dungeon, and saw 2 of its levels.

You collected 73 gold pieces.

Inventory:

Hand Weapons
 e - a +0 dagger (weapon)
Missiles
 c - 10 stones
Armour
 a - a +0 robe (worn)
Jewellery
 h - a ring of protection from cold (left hand)
Scrolls
 f - 3 scrolls of identify {unknown}
 i - a scroll of torment {unknown}
Potions
 b - a potion of flight {unknown}
 d - a potion of lignification {unknown}
 g - a potion of mutation {unknown}


   Skills:
 - Level 2.1 Dodging
 - Level 1.5 Stealth
 + Level 3.6 Spellcasting


You couldn't memorise any spells.
You knew the following spells:

 Your Spells              Type           Power      Damage    Failure   Level
a - Foxfire               Conj/Fire      64%        2x1d7     3%          1
b - Scorch                Fire           32%        2d7       5%          2
c - Conjure Flame         Conj/Fire      16%        6-21      11%         3
d - Inner Flame           Hex/Fire       16%        N/A       11%         3
e - Flame Wave            Conj/Fire      16%        2d7       34%         4
f - Apportation           Tloc           32%        N/A       3%          1
Your spell library was empty.

Dungeon Overview and Level Annotations

Branches:
Dungeon (2/15)

Altars:

Annotations:
D:2 Sigmund


Innate Abilities, Weirdness & Mutations

You are immune to sickness and miasma.
You are immune to poison.
Your flesh is very heat resistant. (rF++)
You are vulnerable to cold. (rC-)
You float through the air rather than walking.
You learn spells naturally, not from books.
Your magical power is your life essence.
You have superior vitality. (+4 MHP)


Message History

Sigmund casts a spell at you.
You are more confused.
You see here a bat corpse.
You're too confused to cast spells.
Sigmund gestures at you while chanting.
You are more confused.
You bump into the rock wall.
Sigmund gestures at you while chanting.
You are more confused.
You're too confused to cast spells.
You see here a bat corpse.
You're too confused to move!
You're too confused to cast spells.
A hobgoblin comes into view.
The hobgoblin shouts!
Sigmund hits you with a +1 scythe of holy wrath.
You barely miss Sigmund. Sigmund misses you.
You're too confused to cast spells.
Sigmund barely misses you.
You are too confused!
You hit Sigmund.
Sigmund is lightly wounded.
Sigmund hits you with a +1 scythe of holy wrath.
You're too confused to cast spells.
The hobgoblin closely misses you.
You're too confused to cast spells.
The hobgoblin attacks as you move away! The hobgoblin barely misses you.
Sigmund attacks as you move away!
Sigmund hits you with a +1 scythe of holy wrath!
* * * LOW HITPOINT WARNING * * *
Sigmund mumbles some strange words.
Sigmund flickers and vanishes!
Deactivating autopickup; reactivate with Ctrl-A.
The hobgoblin hits you.
* * * LOW HITPOINT WARNING * * *
Something hits you!
* * * LOW HITPOINT WARNING * * *
The hobgoblin closely misses you. Something hits you!
You die...

......#.....#.####
#.### ##
##.....#..#....####.#
.
##...#.#)...###......#
# #.
#.......†##.#...[...##
# ...
.#...#...###.....###.#
#..#
.................# #.#
..# ...........[.....#
#.. ..##
.......{.†.##....#
#... ...#
#.......R..##....#
..... .....
#......g...##.##.#
...... .....
...........##..#.#
.....
#...........##....
..... #...........#
#.##. .....
#...........# ..?..
.##..##.###.# ..###
#... ... .. ... .. ...


You could see a hobgoblin.

Vanquished Creatures
  Terence (D:2)
  A ball python (D:1)
  3 endoplasms
  6 goblins
  4 hobgoblins
  3 kobolds
  2 bats (D:2)
  2 frilled lizards
  A rat (D:1)
  A spectral hobgoblin (D:1)
24 creatures vanquished.

Vanquished Creatures (others)
  15 foxfires (D:1)
15 creatures vanquished.

Grand Total: 39 creatures vanquished

Notes
Turn   | Place    | Note
-------+----------+-------------------------------------------
     0 | D:1      | virigoth the Djinni Fire Elementalist began the quest for
                  | the Orb.
     0 | D:1      | virigoth set off with the following spells memorised:
                  | Foxfire, Scorch, Conjure Flame, Inner Flame, Flame Wave.
     0 | D:1      | Reached XP level 1. HP: 15/15 MP: 0/0
   190 | D:1      | Reached XP level 2. HP: 16/21 MP: 0/0
   287 | D:1      | Found a faded altar of an unknown god.
   361 | D:2      | Noticed Sigmund
   435 | D:1      | Reached skill level 3 in Spellcasting
   778 | D:1      | You are sucked into a shaft and drop 1 floor!
   778 | D:1      | The shaft crumbles and collapses.
   799 | D:2      | Noticed Terence
   812 | D:2      | Killed Terence
   813 | D:2      | Reached XP level 3. HP: 6/25 MP: 0/0
   813 | D:2      | Learned a level 1 spell: Apportation
  1073 | D:2      | Reached XP level 4. HP: 19/31 MP: 0/0
  1241 | D:2      | HP: 1/31 [something (9)]
  1243 | D:2      | Mangled by Sigmund

Illustrated notes

Levels and vault maps discovered:
D:1:      minmay_arrival_doors, layout_basic,
          dreamdust_ecumenical_altar_drowned_temple, minmay_tromino_v2
D:2:      layout_rooms, uniq_terence, uniq_sigmund

Skill      XL: |  1  2 |
---------------+-------+-----
Spellcasting   | 3 |  3.6
Dodging        | |  2.1
Stealth        | |  1.5

Action                   |  1- 3 |  4- 6 || total
-------------------------+-------+-------++-------
Melee: Unarmed           |     1 |       ||     1
       Dagger            |     1 |     3 ||     4
 Cast: Foxfire           |    12 |       ||    12
       Scorch            |    19 |     3 ||    22
Armor: Robe              |     2 |     2 ||     4
Dodge: Dodged            |    13 |     6 ||    19
